 Dungeon Crawl Stone Soup version 0.29-a0-1065-g47a6bb87d6 (webtiles) character file.

Game seed: 15460246550646268365

194 Newt the Trooper (level 5, 0/42 HPs)
             Began as a Demonspawn Gladiator on Aug 18, 2022.
             Splashed by a jelly's acid (7 damage)
             ... on level 3 of the Dungeon.
             The game lasted 00:05:28 (3667 turns).

Newt the Trooper (Demonspawn Gladiator)             Turns: 3667, Time: 00:05:29

Health: 0/42       AC: -6    Str: 16    XL:     5   Next: 44%
Magic:  14/14      EV: 12    Int: 17    God:
Gold:   99         SH:  0    Dex: 12    Spells: 4/4 levels left

rFire   . . .      SeeInvis .   n - +2 dagger (protect)
rCold   . . .      Faith    .   (no shield)
rNeg    . . .      Spirit   .   b - +1 leather armour
rPois   +          Reflect  .   o - +1 helmet of Wonder {MP+9 Int+5}
rElec   .          Harm     .   d - +3 cloak "Umnopt" {rPois Int+2 Dex-2}
rCorr   .          Rampage  .   (no gloves)
Will    .....                   (no boots)
Stlth   ++........              (no amulet)
HPRegen 0.14/turn               (no ring)
MPRegen 0.14/turn               (no ring)

@: corroded
A: hooves 1, foul stench 1
a: no special abilities


You were on level 3 of the Dungeon.
You visited 1 branch of the dungeon, and saw 3 of its levels.

You collected 99 gold pieces.

Inventory:

Hand Weapons
 a - a +0 rapier
 n - a +2 dagger of protection (weapon)
Missiles
 f - 53 stones (quivered)
Armour
 b - a +1 leather armour (worn)
 c - a +0 helmet
 d - the +3 cloak "Umnopt" (worn) {rPois Int+2 Dex-2}
   (You found it on level 3 of the Dungeon)

   Int:       It affects your intelligence (+2).
   Dex:       It affects your dexterity (-2).
   rPois:     It protects you from poison.
 o - the +1 helmet of Wonder (worn) {MP+9 Int+5}
   (You took it off Robin on level 2 of the Dungeon)

   Int:       It affects your intelligence (+5).
   MP:        It affects your magic capacity (+9).
Jewellery
 h - a ring of flight
Scrolls
 j - 2 scrolls of teleportation
Potions
 g - a potion of haste
 i - 4 potions of heal wounds
 k - 2 potions of mutation
 l - a potion of curing
 m - 2 potions of magic {unknown}
 p - a potion of lignification {unknown}
 q - a potion of attraction {unknown}


   Skills:
 - Level 4.0 Fighting
 - Level 4.0 Short Blades
 + Level 2.1 Throwing
 - Level 2.6 Dodging
 - Level 2.0 Stealth


You had 4 spell levels left.
You didn't know any spells.
Your spell library was empty.

Dungeon Overview and Level Annotations

Branches:
Dungeon (3/15)

Altars:


Innate Abilities, Weirdness & Mutations

You have large cloven feet.
You may rarely emit foul miasma when damaged in melee.


Message History

You throw a stone.
The stone hits the jelly but does no damage.
The jelly is almost dead.
The jelly completely misses you.
Throw: 57 stones
Press: ? - help, Shift-Dir - straight line, f/p - jelly
Aim: a jelly (almost dead, 90% to hit)
You throw a stone.
The stone hits the jelly but does no damage.
The jelly is almost dead.
The jelly hits you. The acid corrodes you!
You are splashed with acid!
* * * LOW HITPOINT WARNING * * *
You hit the jelly but do no damage.
Your weapon exudes an aura of protection.
The acid corrodes you!
Your hands burn!
* * * LOW HITPOINT WARNING * * *
You kick the jelly, but do no damage.
The jelly is almost dead.
The jelly barely misses you.
Throw: 56 stones
Press: ? - help, Shift-Dir - straight line, f/p - jelly
Aim: a jelly (almost dead, 90% to hit)
You throw a stone.
The stone hits the jelly but does no damage.
The jelly is almost dead.
The jelly closely misses you.
Throw: 55 stones
Press: ? - help, Shift-Dir - straight line, f/p - jelly
Aim: a jelly (almost dead, 90% to hit)
You throw a stone. The stone completely misses the jelly.
The jelly hits you but does no damage.
Unknown command.
Throw: 54 stones
Press: ? - help, Shift-Dir - straight line, f/p - jelly
Aim: a jelly (almost dead, 90% to hit)
You throw a stone. The stone completely misses the jelly.
The jelly hits you.
* * * LOW HITPOINT WARNING * * *
You are splashed with acid!
You die...

..........+.....##.....##........
##......###.....##.....##........
..........##..........###........
......................# #........
..........##.#..####### #........
..................#### #........
##.#.#..#............# #........
####.#..#>##.........# #........
................@....# #........
#############+##J##+## #########
# #(# J# #+# ##


You could see 2 jellies.

Vanquished Creatures
  A hound (D:3)
  Crazy Yiuf (D:2)
  Robin (D:2)
  4 adders
  A dart slug (D:1)
  2 orcs (D:3)
  7 ball pythons
  6 bats
  3 endoplasms
  6 giant cockroaches
  11 goblins
  11 hobgoblins
  8 jackals
  4 kobolds
  4 quokkas
  2 frilled lizards (D:1)
  4 rats
76 creatures vanquished.

Notes
Turn   | Place    | Note
-------+----------+-------------------------------------------
     0 | D:1      | Newt the Demonspawn Gladiator began the quest for the Orb.
     0 | D:1      | Reached XP level 1. HP: 16/16 MP: 1/1
    31 | D:1      | Reached skill level 1 in Stealth
   135 | D:1      | Gained mutation: You may rarely emit foul miasma when
                  | damaged in melee. [demonic ancestry]
   135 | D:1      | Reached XP level 2. HP: 19/22 MP: 2/2
   998 | D:1      | Reached XP level 3. HP: 22/28 MP: 3/3
  1043 | D:2      | Identified the +1 helmet of Wonder {MP+9 Int+5}
  1043 | D:2      | Noticed Robin
  1082 | D:1      | HP: 1/28 [goblin/+0 dagger[Robin] (3)]
  1839 | D:2      | Killed Robin
  1971 | D:2      | Reached XP level 4. HP: 33/37 MP: 4/4
  2040 | D:2      | Found a faded altar of an unknown god.
  2569 | D:2      | Found a runed translucent door.
  2570 | D:2      | Noticed Crazy Yiuf
  2590 | D:2      | Killed Crazy Yiuf
  2591 | D:2      | Gained mutation: You have large cloven feet. [demonic
                  | ancestry]
  2591 | D:2      | Reached XP level 5. HP: 17/42 MP: 5/5
  2950 | D:2      | Identified the +1 pair of gloves "Aguin" {+Inv Will+ rCorr}
  3155 | D:3      | Identified the +3 cloak "Umnopt" {rPois Int+2 Dex-2}
  3667 | D:3      | Splashed by a jelly's acid

Illustrated notes

Levels and vault maps discovered:
D:1:      tarquinn_simple_flora_water_f, layout_basic, grunt_decor_resistance
D:2:      layout_loops_ring, shapermc_ecumenical_altar_pompeii,
          uniq_crazy_yiuf_cottage, uniq_robin
D:3:      minmay_wonky_spiral, layout_basic, dk_xom_monty_hall,
          guppyfry_early_lair_pool, uniq_grinder

Skill      XL: |  1  2  3  4  5 |
---------------+----------------+-----
Stealth        | 1 2 |  2.0
Fighting       | 3 4 |  4.0
Short Blades   | 3 4 |  4.0
Throwing       | 2 |  2.1
Dodging        | |  2.6

Action                   |  1- 3 |  4- 6 || total
-------------------------+-------+-------++-------
Melee: Rapier            |   153 |       ||   153
       Dagger            |    12 |   163 ||   175
       Kick              |       |    17 ||    17
       Punch             |       |     1 ||     1
Throw: Throwing net      |     3 |     2 ||     5
       Javelin           |     1 |     2 ||     3
       Stone             |       |     6 ||     6
  Use: Scroll            |       |     8 ||     8
 Stab: Sleeping          |     1 |     1 ||     2
Armor: Leather armour    |    71 |    61 ||   132
Dodge: Dodged            |   129 |   102 ||   231

Table legend: (Time is in decaauts)
 A = Elapsed time spent in this place.
 B = Non-inter-level travel time spent in this place.
 C = Inter-level travel time spent in this place.
 D = Time resting spent in this place.
 E = Time spent auto-exploring this place.
 F = Levels seen in this place.
 G = Mean time per level.
                   A        B        C        D        E       F      G
               +--------+--------+--------+--------+--------+-----+--------+
         Total |   3657 |   3534 |    123 |   1196 |   1635 |   3 | 1219.0 |
       Dungeon |   3657 |   3534 |    123 |   1196 |   1635 |   3 | 1219.0 |
               +--------+--------+--------+--------+--------+-----+--------+

Top non-repeatable levels by time:
     D:1: 1790 daAuts
     D:2: 1268 daAuts
     D:3: 598 daAuts
